 Dungeon Crawl Stone Soup version 0.17.0-15-g6d90897 (webtiles) character file.

6814 4thArraOfDagon the Cleaver (level 11, -1/63 HPs)
             Began as a Vine Stalker Berserker on Nov 10, 2015.
             Was an Elder of Trog.
             Slain by a vampire (4 damage)
             ... on level 11 of the Dungeon.
             The game lasted 00:13:29 (2198 turns).

4thArraOfDagon the Cleaver (Vine Stalker Berserker) Turns: 2198, Time: 00:13:29

Health: -1/63      AC: 14    Str: 22    XL:     11   Next: 5%
Magic:  0/16       EV:  7    Int:  8    God:    Trog [****..]
Gold:   210        SH:  0    Dex: 16    Spells: 0 memorised, 10 levels left

rFire  . . .     SeeInvis .     o - +1 war axe (flame)
rCold  . . .     Clarity  .     l - +0 plate armour
rNeg   . . .     SustAt   .     (no shield)
rPois  .         Gourm    .     (no helmet)
rElec  .         Spirit   +     (no cloak)
rCorr  .         Warding  .     w - +0 pair of gloves
rMut   .         Stasis   .     (no boots)
MR     +++..                    (no amulet)
Stlth  ..........               (no ring)
                                y - +1 ring of slaying

@: lethally poisoned (-1 -> -1), exhausted, very slightly contaminated,
regenerating, hasted and slowed, extremely resistant to hostile enchantments,
extremely unstealthy
A: fangs 3, agile 1, regeneration 2, robust 1, magic shield, antimagic bite, no
device heal 3, rot immunity
a: Berserk, Trog's Hand, Brothers in Arms, Burn Spellbooks, Renounce Religion


You were on level 11 of the Dungeon.
You worshipped Trog.
Trog was greatly pleased with you.
You were near starving.

You visited 1 branch of the dungeon, and saw 12 of its levels.

You collected 306 gold pieces.
You spent 96 gold pieces at shops.

Inventory:

Hand Weapons
 o - a +1 war axe of flaming (weapon)
Armour
 k - a +2 chain mail of cold resistance
 l - a +0 plate armour (worn)
 q - the cursed +1 robe of Dithmenos's Wrath {rCorr Dex+2 Slay-4, unknown}
   (You found it on level 7 of the Dungeon)

   It affects your dexterity (+2).
   It affects your accuracy and damage with ranged weapons and melee attacks
   (-4).
   It protects you from acid and corrosion.
   It has a curse placed upon it.
 w - a +0 pair of gloves (worn)
Jewellery
 i - an uncursed amulet of resist mutation
 y - a +1 ring of slaying (left hand)
Wands
 p - a wand of paralysis (0)
 D - a wand of disintegration (2)
Scrolls
 a - a scroll of random uselessness {unknown}
 h - 2 scrolls of remove curse
 j - a scroll of blinking {unknown}
 n - 2 scrolls of amnesia {unknown}
 t - a scroll of fog {unknown}
 E - a scroll of enchant armour {unknown}
Potions
 e - a potion of degeneration {unknown}
 g - a potion of flight {unknown}
 m - a potion of heal wounds {unknown}
 s - 2 potions of cure mutation
 x - a potion of resistance
Books
 r - a book of Beasts

   Spells                             Type                      Level
   a - Summon Butterflies             Summoning                    1
   b - Call Canine Familiar           Summoning                    3
   c - Summon Ice Beast               Ice/Summoning                4
   d - Summon Mana Viper              Hexes/Summoning              5
   e - Summon Hydra                   Summoning                    7
   Trog disapproves of the use of such an item.
 z - a book of Alchemy

   Spells                             Type                      Level
   a - Sublimation of Blood           Necromancy                   2
   b - Ignite Poison                  Fire/Transmutation/Poison    3
   c - Alistair's Intoxication        Transmutation/Poison         4
   d - Condensation Shield            Ice                          4
   e - Petrify                        Transmutation/Earth          4
   f - Irradiate                      Conjuration/Transmutation    5
   Trog disapproves of the use of such an item.
 B - a book of Hinderance

   Spells                             Type                      Level
   a - Confusing Touch                Hexes                        2
   b - Confuse                        Hexes                        3
   c - Gell's Gravitas                Hexes/Translocation          3
   d - Petrify                        Transmutation/Earth          4
   e - Metabolic Englaciation         Hexes/Ice                    5
   Trog disapproves of the use of such an item.
Comestibles
 b - 2 chunks of flesh
 c - 3 bread rations
 d - 6 meat rations
 f - a royal jelly
 u - 18 fruits
 v - 6 slices of pizza
 C - a beef jerky


   Skills:
 + Level 7.2 Fighting
 * Level 10.2 Axes
 + Level 6.6 Armour
 - Level 1.5 Dodging
 + Level 6.1 Evocations


You had 10 spell levels left.
You didn't know any spells.

Dungeon Overview and Level Annotations

Branches:
Dungeon (12/15)
 Temple: D:4-7         Lair: D:8-11         Orc: D:9-12

Altars:
Ashenzari
Dithmenos
Yredelemnul

Shops:
D:11 }


Innate Abilities, Weirdness & Mutations

You have razor-sharp teeth.
You heal very quickly.
When hurt, damage is shared between your health and your magic reserves.
Your bite disrupts and absorbs the magic of your enemies.
Potions and wands cannot restore your health.
You are immune to rotting.
You are agile. (Dex +2)
You are robust (+10% HP).


Message History

Unknown command.
Unknown command.
Unknown command.
You barely miss something. Your bite misses something.
Unknown command.
Unknown command.
Unknown command.
You slash something! You burn something. You bite something.
You drain its magic.
You feel invigorated. Something hits you!
* * * LOW HITPOINT WARNING * * *
Something bites you.
* * * LOW HITPOINT WARNING * * *
Something draws strength from your injuries!
Unknown command.
Unknown command.
Unknown command.
Unknown command.
Your plate armour prevents you from hitting something.
You bite something.
You feel sick. Something hits you. Something bites you!
You die...

≈.Y≈ #######''######
#..............
#...............# ###
#.........#.##.# ..
###......##.##.#
##.#(......##.##
#..#.{..#..>...#
#....@(........#
#......#(..#⌠.⌠...#######
#......#.....∩...........
#...........⌠.⌠..........
#......#...#.#...........
###..###.........#.###...
#.. #...#..#..........
#.. ##>###............
#.# ###..........


There were no monsters in sight!

Vanquished Creatures
  2 hydras
  2 hill giants (D:11)
  An ugly thing (D:11)
  A cyclops (D:11)
  A troll (D:11)
  2 yaks (D:8)
  A wyvern (D:11)
  A deep elf mage (D:11)
  A mottled dragon (D:11)
  A wraith (D:11)
  A steam dragon (D:11)
  2 ogres
  3 centaurs
  3 big kobolds (D:8)
  2 giant frogs
  A wyvern zombie (D:7)
  3 scorpions
  6 killer bees
  4 wights (D:11)
  A crimson imp (D:7)
  2 centaur skeletons
  A jelly (D:10)
  4 hounds
  3 orc priests
  7 orc wizards
  4 worker ants
  A giant frog skeleton (D:5)
  A gnoll shaman (D:7)
  2 iguanas (D:11)
  5 sheep
  A hound zombie (D:6)
  A hound skeleton (D:7)
  4 gnolls (D:7)
  4 adders
  A shadow imp (D:7)
  An adder skeleton (D:7)
  A worm (D:2)
  2 giant geckos
  35 orcs
  3 giant cockroaches
  3 hobgoblins
  11 jackals
  A quokka (D:2)
  4 bats
  A giant newt (D:1)
  2 goblins
  A jackal skeleton (D:6)
  A jackal zombie (D:5)
  5 kobolds
  5 rats
156 creatures vanquished.

Notes
Turn   | Place    | Note
--------------------------------------------------------------
     0 | D:1      | 4thArraOfDagon the Vine Stalker Berserker began the quest for the Orb.
     0 | D:1      | Reached XP level 1. HP: 11/11 MP: 2/2
    50 | D:1      | Reached skill level 3 in Axes
    89 | D:1      | Reached XP level 2. HP: 11/16 MP: 1/3
   397 | D:2      | Reached ** piety under Trog
   397 | D:2      | Reached XP level 3. HP: 19/19 MP: 2/4
   742 | D:3      | Reached XP level 4. HP: 20/24 MP: 2/5
   887 | D:5      | Entered Level 5 of the Dungeon
   904 | D:5      | Noticed an ogre
   911 | D:5      | Killed an ogre
   911 | D:5      | Reached skill level 4 in Axes
   911 | D:5      | Reached XP level 5. HP: 28/28 MP: 6/6
   957 | D:5      | Gained mutation: You heal very quickly. [Vine Stalker growth]
   957 | D:5      | Reached XP level 6. HP: 29/32 MP: 5/7
   974 | D:6      | Reached *** piety under Trog
  1029 | D:7      | Reached skill level 5 in Axes
  1067 | D:7      | Reached XP level 7. HP: 26/37 MP: 4/8
  1073 | D:7      | Reached skill level 1 in Evocations
  1078 | D:7      | Got a fine robe
  1092 | D:6      | Found a basalt altar of Yredelemnul.
  1092 | D:6      | Found a shattered altar of Ashenzari.
  1222 | D:7      | Found a shadowy altar of Dithmenos.
  1233 | D:7      | Reached skill level 6 in Axes
  1264 | D:7      | Gained mutation: You have razor-sharp teeth. [Vine Stalker growth]
  1264 | D:7      | Reached XP level 8. HP: 42/42 MP: 7/10
  1382 | D:8      | Reached skill level 7 in Axes
  1383 | D:8      | Reached skill level 5 in Fighting
  1384 | D:8      | Reached XP level 9. HP: 10/47 MP: 12/12
  1433 | D:8      | Noticed a three-headed hydra
  1438 | D:8      | Killed a one-headed hydra
  1438 | D:8      | Reached skill level 8 in Axes
  1438 | D:8      | Reached skill level 5 in Armour
  1480 | D:8      | Reached **** piety under Trog
  1600 | D:10     | Entered Level 10 of the Dungeon
  1616 | D:11     | Noticed a purple ugly thing
  1778 | D:11     | Noticed an eight-headed hydra
  1782 | D:11     | Killed a five-headed hydra
  1782 | D:11     | Reached XP level 10. HP: 4/53 MP: 14/14
  1783 | D:11     | HP: 3/79 [something (2)]
  1836 | D:11     | Noticed a hill giant
  1843 | D:11     | Killed a hill giant
  1843 | D:11     | Reached skill level 9 in Axes
  1843 | D:11     | Reached skill level 5 in Evocations
  1929 | D:12     | Noticed a hill giant
  1950 | D:11     | Killed a purple ugly thing
  1958 | D:11     | Gained mutation: You are robust (+10% HP). [mutagenic meat]
  1959 | D:11     | Gained mutation: You are agile. (Dex +2) [mutagenic meat]
  2133 | D:11     | Found Zirobb's Gadget Emporium.
  2141 | D:11     | Bought a wand of disintegration (2) for 96 gold pieces
  2154 | D:11     | Noticed a cyclops
  2160 | D:11     | Noticed a hill giant
  2168 | D:11     | Noticed a centaur skeleton
  2180 | D:11     | Killed a hill giant
  2180 | D:11     | Reached skill level 10 in Axes
  2181 | D:11     | Killed a cyclops
  2181 | D:11     | Reached XP level 11. HP: 12/63 MP: 16/16
  2183 | D:11     | Killed a centaur skeleton
  2197 | D:11     | HP: 2/63 [something (2)]
  2198 | D:11     | Slain by a vampire

Action                   |  1- 3 |  4- 6 |  7- 9 | 10-12 || total
-------------------------+-------+-------+-------+-------++-------
Melee: Hand axe          |    68 |    24 |       |       ||    92
       War axe           |       |    25 |   143 |    99 ||   267
Invok: Berserk           |     2 |     2 |     5 |     6 ||    15
       Trog's Hand       |       |       |     2 |     6 ||     8
Evoke: Wand              |       |       |       |     4 ||     4
  Use: Scroll            |       |       |       |     4 ||     4
       Potion            |       |       |       |     1 ||     1
 Stab: Sleeping          |     2 |       |       |       ||     2
       Paralysed         |       |       |       |     1 ||     1
  Eat: Chunk             |     1 |     3 |     8 |    10 ||    22
